AoeStats
← Pillage The Village

Arabia

504270670Analyzed
1v1 RM · 27d ago on Sep 4, 2026· 46m 12s· 2 players
Game mode
Random Map
Map size
Tiny (2 player)
Population
200
Speed
Normal
Resources
Standard
Victory
Conquest
Starting age
Dark Age
Ending age
Imperial Age
RankedLock teamsTeams togetherTeam positionsShared explorationLock speedFull tech treeHidden civsTurbo modeCheats
Victory
Defeat
🇪🇸 Wei · Spain
1529
+14
🇧🇪 Khmer · Belgium
1489
-14
Pillage The Village
5:42 Loom
9:06 Feudal Age
9:38 Double-Bit Axe
14:40 Forging
18:28 Scale Barding Armor
20:49 Castle Age
18:53 Gold Mining
19:01 Horse Collar
20:08 Bloodlines
20:50 Light Cavalry
21:32 Husbandry
22:08 Iron Casting
21:57 Chain Barding Armor
27:30 Ballistics
29:15 Bow Saw
40:05 Imperial Age
38:48 Gold Shaft Mining
38:59 Scale Mail Armor
39:44 Wheelbarrow
40:13 Town Watch
40:05 Pikeman
40:26 Heavy Scorpion
Pin_de_oro
7:00 Loom
9:15 Feudal Age
9:54 Double-Bit Axe
10:01 Horse Collar
16:10 Wheelbarrow
19:43 Castle Age
19:10 Bloodlines
19:08 Fletching
20:23 Bodkin Arrow
21:08 Padded Archer Armor
21:10 Husbandry
21:49 Bow Saw
24:02 Ballistics
26:14 Gold Mining
26:16 Stone Mining
36:38 Imperial Age
33:54 Town Watch
34:56 Scale Barding Armor
36:00 Chain Barding Armor
37:06 Leather Archer Armor
37:54 Conscription
37:54 Bracer
39:17 Ring Archer Armor
39:15 Parthian Tactics
39:57 Chemistry
39:43 Thumb Ring
40:35 Masonry
45:30 Forging
46:53 Iron Casting
Connection lost

Rejoining the realm…

Still unreachable

The connection could not be restored.

Session expired

The server has moved on; the page needs a fresh start.